Map: Templo Congelado

Players

ToP

  • Race: Protoss Protoss
  • League: Master

TheZergLord - Winner!

  • Race: Zerg Zerg
  • League: Master

VOD

Have the link to the VOD?

Description

Time

  • Played on: May 5, 2016, 11:24 a.m.
  • Length: 4:29
Show
View Real Time Build Order
Export as new Build Order

ToP Protoss 

Build Orders:  

Get SALT Encoding   

  12  0:01  Probe (Chrono Boost)  
  13  0:12  Probe (Chrono Boost)  
  14  0:19  Pylon  
  14  0:22  Probe (Chrono Boost)  
  15  0:37  Probe (Chrono Boost)  
  16  0:48  Probe (Chrono Boost)  
  17  0:54  Pylon  
  17  1:08  Nexus  
  17  1:16  Probe (Chrono Boost)  
  17  1:17  Gateway  
  18  1:27  Probe (Chrono Boost)  
  18  1:28  Assimilator  
  19  1:33  Assimilator  
  19  1:37  Probe (Chrono Boost)  
  20  1:48  Probe (Chrono Boost)  
  20  1:50  Pylon  
  21  1:58  Probe (Chrono Boost)  
  22  2:04  Cybernetics Core  
  22  2:09  Probe (Chrono Boost)  
  23  2:19  Probe (Chrono Boost)  
  23  2:20  Probe (Chrono Boost)  
  25  2:30  Probe x2 (Chrono Boost)  
  27  2:40  Probe (Chrono Boost), Mothership Core (Chrono Boost)  
  27  2:41  Adept (Chrono Boost)  
  32  2:51  Probe (Chrono Boost)  
  33  2:57  Stargate  
  33  2:58  Probe  
  33  3:03  Probe  
  35  3:10  Probe (Chrono Boost)  
  36  3:15  Probe (Chrono Boost)  
  37  3:23  Probe (Chrono Boost)  
  37  3:24  Stargate  
  37  3:25  Probe (Chrono Boost)  
  39  3:28  Assimilator  
  39  3:36  Pylon  
  39  3:38  Adept  
  39  3:47  Pylon  
  40  4:19  Pylon  
Show
View Real Time Build Order
Export as new Build Order

TheZergLord Zerg - Winner!

Build Orders: Pool First 

Get SALT Encoding   

  12  0:01  Drone  
  13  0:13  Overlord  
  13  0:18  Drone  
  14  0:32  Drone x2  
  16  0:36  Drone  
  17  0:54  Spawning Pool  
  17  0:55  Extractor, Drone  
  16  1:00  Drone  
  17  1:09  Drone  
  18  1:25  Hatchery  
  17  1:29  Drone  
  17  1:30  Drone  
  19  1:41  Queen  
  19  1:44  Zergling x2  
  22  1:51  Overlord  
  22  1:58  Metabolic Boost  
  22  2:13  Roach Warren, Drone  
  22  2:17  Overlord  
  22  2:53  Roach x5  
  22  2:55  Roach  
  34  3:04  Roach  
  36  3:07  Overlord  
  36  3:13  Zergling x4, Roach  
  40  3:24  Zergling x8  
  44  3:27  Zergling x2  
  45  3:39  Zergling x2  
  45  3:40  Zergling x2  
  47  3:46  Zergling x4  
  47  3:58  Ravager  
  47  3:59  Zergling x8  
Tags
 
Add a new tag
Caveats
  • Supply blocks, unpowered buildings, or Contaminate may cause inaccurate times.
  • Supply counts are checked every 10 seconds.